 Dungeon Crawl Stone Soup version 0.29.1-15-g9cfb28693d (webtiles) character file.

Game seed: 6294168950048350138

518 Ast3rio the Chopper (level 7, -3/60 HPs)
             Began as a Gnoll Cinder Acolyte on Mar 9, 2023.
             Was a High Priest of Ignis.
             Slain by a gnoll
             ... wielding a +0 halberd
              (10 damage)
             ... on level 4 of the Dungeon.
             The game lasted 00:08:47 (3979 turns).

Ast3rio the Chopper (Gnoll Cinder Acolyte)          Turns: 3979, Time: 00:08:49

Health: -3/60      AC:  5    Str: 14    XL:     7   Next: 21%
Magic:  3/12       EV: 10    Int: 15    God:    Ignis [*****.]
Gold:   127        SH:  5    Dex:  7    Spells: 11/13 levels left

rFire   + . .      SeeInvis .   i - +2 dagger (vamp)
rCold   . . .      Faith    .   (no shield)
rNeg    . . .      Spirit   .   h - +0 ring mail
rPois   .          Reflect  +   (no helmet)
rElec   .          Harm     .   (no cloak)
rCorr   .          Rampage  .   (no gloves)
Will    .....                   (no boots)
Stlth   +.........              o - amulet of reflection
HPRegen 0.20/turn               m - ring of wizardry
MPRegen 0.13/turn               (no ring)

@: no status effects
A: fangs 1, strong nose, distributed training
a: Renounce Religion, Fiery Armour, Foxfire Swarm, Rising Flame


You were on level 4 of the Dungeon.
You worshipped Ignis.
Ignis was extremely pleased with you.
You visited 1 branch of the dungeon, and saw 4 of its levels.

You collected 127 gold pieces.

Inventory:

Hand Weapons
 a - a -1 hand axe of flaming
 i - a +2 vampiric dagger (weapon)
 t - a +0 dagger of pain
 w - a +2 quarterstaff of chaos
Missiles
 s - 2 throwing nets (quivered)
Armour
 b - a +0 robe
 h - a +0 ring mail (worn)
Jewellery
 m - a ring of wizardry (left hand)
 o - an amulet of reflection (around neck)
Wands
 r - a wand of flame (20)
 v - a wand of quicksilver (5)
Scrolls
 c - 2 scrolls of teleportation {unknown}
 d - a scroll of silence {unknown}
 e - a scroll of vulnerability {unknown}
 f - 3 scrolls of identify {unknown}
 k - a scroll of blinking {unknown}
 l - a scroll of immolation {unknown}
 n - a scroll of poison {unknown}
 u - a scroll of fog {unknown}
 x - a scroll of brand weapon {unknown}
Potions
 g - a potion of brilliance {unknown}
 j - a potion of heal wounds {unknown}
 p - a potion of might {unknown}
 q - a potion of curing {unknown}


   Skills:
 + Level 7.0 Fighting
 + Level 2.4 Short Blades
 + Level 2.4 Long Blades
 + Level 7.0 Axes
 + Level 2.4 Maces & Flails
 + Level 2.4 Polearms
 + Level 2.4 Staves
 + Level 2.4 Ranged Weapons
 + Level 2.4 Throwing
 + Level 2.4 Armour
 + Level 2.4 Dodging
 + Level 2.4 Stealth
 + Level 2.4 Shields
 + Level 2.4 Unarmed Combat
 + Level 3.7 Spellcasting
 + Level 2.0 Conjurations
 + Level 2.0 Hexes
 + Level 2.0 Summonings
 + Level 2.0 Necromancy
 + Level 2.0 Translocations
 + Level 2.0 Transmutations
 + Level 5.8 Fire Magic
 + Level 2.0 Ice Magic
 + Level 2.0 Air Magic
 + Level 2.0 Earth Magic
 + Level 2.0 Poison Magic
 + Level 2.7 Invocations
 + Level 2.4 Evocations


You had 11 spell levels left.
You knew the following spells:

 Your Spells              Type           Power      Damage    Failure   Level
a - Scorch                Fire           40%        2d7       1%          2

Your spell library contained the following spells:

 Spells                   Type           Power      Damage    Failure   Level
 Foxfire                  Conj/Fire      56%        2x1d6     3%          1
 Conjure Flame            Conj/Fire      14%        6-21      9%          3
 Inner Flame              Hex/Fire       14%        N/A       9%          3
 Blink                    Tloc           16%        N/A       10%         2
 Gell's Gravitas          Tloc           8%         N/A       19%         3
 Lesser Beckoning         Tloc           8%         N/A       19%         3
 Teleport Other           Tloc           8%         N/A       19%         3
 Flame Wave               Conj/Fire      14%        2d6       28%         4
 Manifold Assault         Tloc           8%         N/A       85%         5
 Dispersal                Tloc           4%         N/A       100%        6


Dungeon Overview and Level Annotations

Branches:
Dungeon (4/15)
 Temple: D:4-7

Altars:

Shops:
D:2 *


Innate Abilities, Weirdness & Mutations

You have very sharp teeth.
Your uncanny sense of smell can sniff out nearby items.
Your experience applies equally to all skills.


Message History

The gnoll hits you from afar with a +0 spear!
Casting: Scorch (safe; 1% risk of failure)
Confirm with . or Enter, or press ? or * to list all spells.
Flames lash the gnoll.
You kill the gnoll!
The gnoll hits you but does no damage.
The gnoll hits you from afar with a +0 spear.
Casting: Scorch (safe; 1% risk of failure)
Confirm with . or Enter, or press ? or * to list all spells.
Flames lash the gnoll.
The gnoll is moderately wounded.
The gnoll's fire resistance burns away.
The gnoll hits you from afar with a +0 spear.
The gnoll barely misses you.
Casting: Scorch (safe; 1% risk of failure)
Confirm with . or Enter, or press ? or * to list all spells.
Flames lash the gnoll.
The gnoll is heavily wounded.
The gnoll's fire resistance burns away.
The gnoll hits you from afar with a +0 halberd!
The gnoll hits you from afar with a +0 spear.
Found a stone staircase leading up.
The gnoll hits you with a +0 halberd.
* * * LOW HITPOINT WARNING * * *
The gnoll hits you but does no damage.
There is an open door here.
You see here a +0 whip.
The gnoll is no longer more vulnerable to fire.
The gnoll barely misses you. The gnoll hits you with a +0 spear.
* * * LOW HITPOINT WARNING * * *
You hit the gnoll.
You feel better.
The gnoll is heavily wounded.
You block the gnoll's attack. The gnoll hits you with a +0 spear.
* * * LOW HITPOINT WARNING * * *
You hit the gnoll.
The gnoll is severely wounded.
The gnoll is no longer more vulnerable to fire.
The gnoll hits you with a +0 spear.
* * * LOW HITPOINT WARNING * * *
The gnoll hits you with a +0 halberd!
You die...

#.......#.......
#.......########
#...............
.########........
........'........
........#........
.##...).#.......#
#######)#####+###
..<...g@g#
.........#
###......#
#......# ∆
#......# ##+##.##
∆ ∆#.# #..


You could see 2 gnolls.

Vanquished Creatures
  Sigmund (D:3)
  A scorpion (D:3)
  2 electric eels (D:3)
  Crazy Yiuf (D:3)
  Jessica (D:3)
  An iguana (D:4)
  2 gnolls (D:4)
  5 adders
  2 dart slugs
  2 orcs
  7 ball pythons
  3 endoplasms
  6 giant cockroaches
  4 goblins
  7 hobgoblins
  3 jackals (D:3)
  7 kobolds
  5 quokkas
  9 bats
  2 frilled lizards
  6 rats
  A bush (D:3)
78 creatures vanquished.

Vanquished Creatures (others)
  A plant (D:3)
1 creature vanquished.

Grand Total: 79 creatures vanquished

Notes
Turn   | Place    | Note
-------+----------+-------------------------------------------
     0 | D:1      | Ast3rio the Gnoll Cinder Acolyte began the quest for the
                  | Orb.
     0 | D:1      | Reached XP level 1. HP: 23/23 MP: 4/4
   471 | D:1      | Reached XP level 2. HP: 16/29 MP: 5/5
   763 | D:1      | Learned a level 2 spell: Scorch
   984 | D:1      | Reached XP level 3. HP: 35/35 MP: 4/7
  1329 | D:2      | Reached skill level 1 in Invocations
  1514 | D:2      | Reached skill level 1 in Short Blades
  1514 | D:2      | Reached skill level 1 in Long Blades
  1514 | D:2      | Reached skill level 1 in Maces & Flails
  1514 | D:2      | Reached skill level 1 in Polearms
  1514 | D:2      | Reached skill level 1 in Staves
  1514 | D:2      | Reached skill level 1 in Ranged Weapons
  1514 | D:2      | Reached skill level 1 in Throwing
  1514 | D:2      | Reached skill level 1 in Armour
  1514 | D:2      | Reached skill level 1 in Dodging
  1514 | D:2      | Reached skill level 1 in Stealth
  1514 | D:2      | Reached skill level 1 in Shields
  1514 | D:2      | Reached skill level 1 in Unarmed Combat
  1514 | D:2      | Reached skill level 1 in Evocations
  1906 | D:2      | Reached XP level 4. HP: 41/41 MP: 5/8
  1941 | D:2      | Found a faded altar of an unknown god.
  1991 | D:2      | Found Ywaruwet's Assorted Antiques.
  2072 | D:3      | Found a transporter.
  2239 | D:3      | Reached skill level 1 in Conjurations
  2239 | D:3      | Reached skill level 1 in Hexes
  2239 | D:3      | Reached skill level 1 in Summonings
  2239 | D:3      | Reached skill level 1 in Necromancy
  2239 | D:3      | Reached skill level 1 in Translocations
  2239 | D:3      | Reached skill level 1 in Transmutations
  2239 | D:3      | Reached skill level 1 in Ice Magic
  2239 | D:3      | Reached skill level 1 in Air Magic
  2239 | D:3      | Reached skill level 1 in Earth Magic
  2239 | D:3      | Reached skill level 1 in Poison Magic
  2420 | D:3      | Found a transporter.
  2460 | D:3      | Reached XP level 5. HP: 21/47 MP: 4/9
  2650 | D:3      | Noticed Jessica
  2653 | D:3      | Killed Jessica
  2785 | D:3      | Reached XP level 6. HP: 38/53 MP: 2/11
  3239 | D:3      | Noticed Sigmund
  3243 | D:3      | Killed Sigmund
  3244 | D:3      | Reached XP level 7. HP: 47/60 MP: 3/12
  3724 | D:3      | Found a runed translucent door.
  3725 | D:3      | Noticed Crazy Yiuf
  3731 | D:3      | Killed Crazy Yiuf
  3979 | D:4      | Slain by a gnoll

Illustrated notes

Levels and vault maps discovered:
D:1:      dpeg_arrival_arbitrary_a, layout_rooms, chequers_serial_rivers_micro_b
D:2:      layout_rooms, serial_shops, nicolae_square_shop,
          shapermc_ecumenical_altar_mp_urbaneastern
D:3:      gammafunk_steamed_eel, layout_loops_ring, uniq_sigmund, uniq_jessica,
          uniq_crazy_yiuf_cottage
D:4:      layout_gridville, nicolae_tso_swordbearing_angel, minivault_24

Skill      XL: |  1  2  3  4  5  6  7 |
---------------+----------------------+-----
Invocations    | 1 2 |  2.7
Short Blades   | 1 2 |  2.4
Long Blades    | 1 2 |  2.4
Maces & Flails | 1 2 |  2.4
Polearms       | 1 2 |  2.4
Staves         | 1 2 |  2.4
Ranged Weapons | 1 2 |  2.4
Throwing       | 1 2 |  2.4
Armour         | 1 2 |  2.4
Dodging        | 1 2 |  2.4
Stealth        | 1 2 |  2.4
Shields        | 1 2 |  2.4
Unarmed Combat | 1 2 |  2.4
Evocations     | 1 2 |  2.4
Spellcasting   | 3 |  3.7
Conjurations   | 1 2 |  2.0
Hexes          | 1 2 |  2.0
Summonings     | 1 2 |  2.0
Necromancy     | 1 2 |  2.0
Translocations | 1 2 |  2.0
Transmutations | 1 2 |  2.0
Ice Magic      | 1 2 |  2.0
Air Magic      | 1 2 |  2.0
Earth Magic    | 1 2 |  2.0
Poison Magic   | 1 2 |  2.0
Fighting       | 7 |  7.0
Axes           | 7 |  7.0
Fire Magic     | |  5.8

Action                   |  1- 3 |  4- 6 |  7- 9 || total
-------------------------+-------+-------+-------++-------
Melee: Hand axe          |    43 |       |       ||    43
       Bite              |     7 |     4 |    81 ||    92
       Dagger            |    12 |    33 |   334 ||   379
       Punch             |       |       |    14 ||    14
 Cast: Scorch            |    25 |    37 |    17 ||    79
Armor: Robe              |    16 |       |       ||    16
       Ring mail         |     6 |    17 |     3 ||    26
Dodge: Dodged            |    47 |    28 |     5 ||    80
Block: Other             |       |    14 |     2 ||    16
